 Dungeon Crawl Stone Soup version 0.27-a0-13-g87abb2d9eb (webtiles) character file.

Game seed: 13259814747166246364

43 dolemite99 the Shield-Bearer (level 3, -2/43 HPs)
             Began as a Demonspawn Fighter on Jan 3, 2021.
             Slain by Sigmund
             ... wielding a +2 scythe of pain
              (7 damage)
             ... on level 2 of the Dungeon.
             The game lasted 00:01:14 (1230 turns).

dolemite99 the Shield-Bearer (Demonspawn Fighter)   Turns: 1230, Time: 00:01:14

Health: -2/43      AC: 12    Str: 17    XL:     3   Next: 37%
Magic:  3/3        EV:  7    Int:  9    God:
Gold:   76         SH:  9    Dex: 12    Spells: 2/2 levels left

rFire    . . .     SeeInvis .   a - +0 long sword
rCold    . . .     Faith    .   c - +0 kite shield
rNeg     . . .     Spirit   .   b - +0 scale mail
rPois    .         Reflect  .   (no helmet)
rElec    .         Harm     .   (no cloak)
rCorr    .         Rampage  .   (no gloves)
Will     .....                  (no boots)
Stlth    ..........             (no amulet)
HPRegen  0.14/turn              (no ring)
MPRegen  0.08/turn              (no ring)

@: mighty, berserking (expiring), sanguine armour, very quick
A: spiny 1, sanguine armour 1
a: no special abilities


You were on level 2 of the Dungeon.
You visited 1 branch of the dungeon, and saw 2 of its levels.

You collected 76 gold pieces.

Inventory:

Hand Weapons
 a - a +0 long sword (weapon)
Missiles
 g - 7 boomerangs (quivered)
 i - 12 arrows
 l - 78 stones
 m - a throwing net
Armour
 b - a +0 scale mail (worn)
 c - a +0 kite shield (worn)
Scrolls
 e - 3 scrolls of fear {unknown}
 f - 2 scrolls of remove curse {unknown}
Potions
 d - a potion of might
 h - a potion of lignification {unknown}
 j - a potion of berserk rage
 k - 2 potions of curing {unknown}


   Skills:
 - Level 3.0 Fighting
 * Level 3.0 Long Blades
 - Level 2.6 Armour
 + Level 3.2 Shields


You had 2 spell levels left.
You didn't know any spells.
Your spell library was empty.

Dungeon Overview and Level Annotations

Branches:
Dungeon (2/15)

Altars:

Annotations:
D:2 1 runed translucent door, Crazy Yiuf, Sigmund


Innate Abilities, Weirdness & Mutations

You are partially covered in sharp spines.
When seriously injured, your bleeding wounds create armour. (AC +6)


Message History

A red film seems to cover your vision as you go berserk!
You feel yourself moving faster!
You feel mighty!
You hear some strange, mumbled words.
Something tries to affect you, but you resist.
You are too berserk!
You don't know any spells.
You slash something! Something hits you but does no damage.
You hit something.
Your scale mail prevents you from hitting something.
Something hits you.
You hit something. Something hits you!
* * * LOW HITPOINT WARNING * * *
You writhe in agony.
* * * LOW HITPOINT WARNING * * *
You barely miss something. You barely miss something.
Something hits you but does no damage.
You writhe in agony.
* * * LOW HITPOINT WARNING * * *
You closely miss something. Something hits you!
You die...

#......#.#..#
##..####.#..#
#.... #....#
#.#..# ...
#....# ###[.#
... ##...#
#....# ...
##.## ####.#
#.# ##.#
#....# #w#
#.## ###..#
#{# ##.# #..#
#@# #.## #..#
#.# #+# #..#
#.# ... #..#
#.# #...#
#..####†#
#)..#
###.......#
#####
#....######
######


You could see a worm.

Vanquished Creatures
  An adder (D:2)
  An ooze (D:1)
  A leopard gecko (D:1)
  3 bats (D:1)
  2 giant cockroaches (D:1)
  3 goblins (D:1)
  6 hobgoblins (D:1)
  3 jackals (D:1)
  A frilled lizard (D:1)
  A kobold (D:1)
  5 rats
27 creatures vanquished.

Notes
Turn   | Place    | Note
-------+----------+-------------------------------------------
     0 | D:1      | dolemite99 the Demonspawn Fighter began the quest for the
                  | Orb.
     0 | D:1      | Reached XP level 1. HP: 18/18 MP: 1/1
    40 | D:1      | Gained mutation: When seriously injured, your bleeding
                  | wounds create armour. (AC +6) [demonic ancestry]
    40 | D:1      | Reached XP level 2. HP: 18/24 MP: 2/2
   657 | D:1      | Gained mutation: You are partially covered in sharp spines.
                  | [demonic ancestry]
   657 | D:1      | Reached XP level 3. HP: 29/29 MP: 3/3
  1152 | D:2      | Found a runed translucent door.
  1153 | D:2      | Noticed Crazy Yiuf
  1214 | D:2      | Noticed Sigmund
  1230 | D:2      | Slain by Sigmund

Illustrated notes

Levels and vault maps discovered:
D:1:      enne_arrival_octagon_isle, layout_loops_ring, serial_glass,
          glass_columns_b, glass_columns_b, due_unseen_surprise,
          item_on_display_a, feat_on_display, feat_on_display,
          columned_hall_lemuel, minmay_fountain_box
D:2:      layout_basic, nicolae_overflow_crystal_walls,
          chequers_ecumenical_altar_simple_redux, corexii_leaking_fountain,
          minmay_tetromino_s2, uniq_crazy_yiuf_cottage, uniq_sigmund

Skill      XL: |  1  2  3 |
---------------+----------+-----
Long Blades    | 2 3 |  3.0
Shields        | 3 |  3.2
Fighting       | |  3.0
Armour         | |  2.6

Action                   || total
-------------------------++-------
Melee: Long sword        ||    73
Throw: Boomerang         ||    25
  Use: Potion            ||     2
Armor: Scale mail        ||    36
Dodge: Dodged            ||    23
Block: Kite shield       ||    34
       Rpst.: Long sword ||     8

Table legend: (Time is in decaauts)
 A = Elapsed time spent in this place.
 B = Non-inter-level travel time spent in this place.
 C = Inter-level travel time spent in this place.
 D = Time resting spent in this place.
 E = Time spent auto-exploring this place.
 F = Levels seen in this place.
 G = Mean time per level.
                   A        B        C        D        E       F      G
               +--------+--------+--------+--------+--------+-----+--------+
         Total |   1262 |   1223 |     39 |     68 |    897 |   2 |  631.0 |
       Dungeon |   1262 |   1223 |     39 |     68 |    897 |   2 |  631.0 |
               +--------+--------+--------+--------+--------+-----+--------+

Top non-repeatable levels by time:
     D:1: 1019 daAuts
     D:2: 243 daAuts
